Map: Pylon LE

Players

IIIIIIIIIIII

  • Race: Zerg Zerg
  • League: Master
  • Spawn Location: 5:00

Mingo - Winner!

  • Race: Terran Terran
  • League: Master
  • Spawn Location: 11:00

VOD

Have the link to the VOD?

Description

Time

  • Played on: Sept. 18, 2025, 2:51 a.m.
  • Length: 10:15
Show
View Real Time Build Order
Export as new Build Order

IIIIIIIIIIII Zerg 

Build Orders: Hatch First 

Get SALT Encoding   

  12  0:00  Drone  
  13  0:13  Overlord  
  13  0:19  Drone  
  14  0:40  Drone x2  
  16  0:47  Hatchery  
  15  0:50  Drone  
  16  0:58  Drone  
  16  1:02  Drone  
  18  1:11  Extractor  
  18  1:16  Spawning Pool  
  16  1:19  Drone  
  16  1:23  Drone  
  18  1:35  Drone  
  19  1:47  Drone  
  20  2:00  Drone  
  21  2:05  Queen x2  
  21  2:06  Zergling x4  
  27  2:15  Drone  
  28  2:20  Hatchery  
  27  2:25  Overlord  
  27  2:34  Drone, Metabolic Boost  
  28  2:45  Drone x2  
  28  2:47  Queen  
  32  2:56  Drone x3  
  35  3:08  Drone  
  36  3:13  Overlord  
  36  3:16  Overlord  
  36  3:30  Queen  
  36  3:31  Queen  
  36  3:32  Drone  
  36  3:33  Drone x5  
  46  3:36  Zergling x4  
  48  3:43  Queen  
  48  3:46  Drone  
  48  3:47  Drone  
  52  3:57  Drone  
  52  3:58  Drone x3  
  52  3:59  Zergling x4  
  58  4:06  Overlord  
  58  4:24  Queen x2  
  58  4:25  Drone x4  
  58  4:29  Overlord x2  
  66  4:31  Spore Crawler  
  66  4:32  Spore Crawler  
  66  4:33  Drone, Spore Crawler  
  64  4:40  Overlord  
  64  4:43  Drone x2, Extractor  
  66  4:45  Drone  
  66  4:50  Drone x5  
  71  4:55  Baneling Nest  
  70  5:11  Spore Crawler, Hatchery, Lair  
  68  5:14  Drone x6  
  74  5:21  Overlord  
  74  5:24  Drone x3  
  74  5:25  Extractor x2  
  74  5:28  Queen  
  77  5:35  Drone x6  
  83  5:40  Evolution Chamber  
  83  5:42  Evolution Chamber  
  81  5:44  Overlord  
  81  5:47  Baneling  
  81  5:48  Baneling  
  81  5:55  Drone x4  
  81  5:56  Drone x4  
  89  6:04  Overlord  
  89  6:07  Zerg Melee Weapons Level 1, Baneling  
  89  6:11  Zerg Ground Armor Level 1  
  89  6:17  Drone x3  
  89  6:18  Drone  
  93  6:19  Overlord x2  
  93  6:20  Zergling x6  
  93  6:24  Zergling x4  
  98  6:29  Zergling x4  
  101  6:32  Zergling x2  
  101  6:34  Hatchery  
  101  6:35  Zergling x2  
  101  6:36  Zergling x4  
  101  6:39  Zergling x2  
  102  6:40  Zergling x2  
  102  6:44  Zergling x4  
  102  6:46  Baneling x4  
  104  6:47  Zergling x2  
  104  6:55  Drone, Spore Crawler  
  104  6:56  Drone x5  
  104  6:57  Zergling x4  
  111  7:02  Baneling x10  
  111  7:03  Zergling x10  
  111  7:08  Zergling x2  
  117  7:11  Baneling x2  
  117  7:12  Zergling x4  
  119  7:23  Zergling x10  
  119  7:24  Zergling x16  
  119  7:29  Overlord x3  
  132  7:34  Zergling x6  
  130  7:50  Zergling x8  
  114  7:56  Centrifugal Hooks  
  114  7:58  Zergling x22  
  122  8:01  Infestation Pit  
  121  8:07  Zergling x14, Spore Crawler  
  121  8:08  Hatchery  
  126  8:17  Zergling x4  
  105  8:22  Zergling x12  
  105  8:24  Baneling x3  
  105  8:25  Baneling x7  
  111  8:32  Overseer  
  111  8:33  Zergling x14  
  111  8:34  Zergling x8  
  122  8:36  Baneling x3  
  122  8:40  Hive  
  122  8:52  Zergling x2  
  122  8:53  Zergling x18  
  132  9:01  Hatchery  
  132  9:02  Drone x9  
  139  9:08  Zergling x8  
  142  9:17  Zergling x12  
  147  9:29  Zergling x2  
  147  9:30  Zergling x8  
  134  9:33  Baneling x22  
  134  9:39  Zergling x8  
  134  9:43  Baneling x13  
  137  9:47  Zergling x12  
  134  9:54  Zergling x10  
  134  9:55  Zergling x2  
  97  10:11  Ultralisk Cavern  
Show
View Real Time Build Order
Export as new Build Order

Mingo Terran - Winner!

Build Orders: Reaper Expand, Hellion Banshee 

Get SALT Encoding   

  12  0:00  SCV  
  13  0:12  SCV  
  14  0:17  Supply Depot  
  14  0:25  SCV  
  15  0:38  SCV  
  15  0:40  Barracks  
  16  0:44  Refinery  
  16  0:50  SCV  
  17  1:03  SCV  
  18  1:15  SCV  
  19  1:27  Orbital Command, Reaper  
  20  1:40  Command Center  
  20  1:49  Supply Depot  
  20  1:53  SCV  
  21  1:59  Marine  
  22  2:05  SCV  
  23  2:13  Factory  
  23  2:17  SCV  
  24  2:26  Barracks Reactor  
  24  2:30  SCV  
  25  2:39  Command Center  
  25  2:42  SCV  
  26  2:51  Orbital Command  
  26  2:54  SCV  
  27  2:58  Refinery  
  27  3:06  SCV  
  27  3:08  Starport  
  28  3:17  Barracks Tech Lab  
  28  3:19  SCV  
  33  3:20  Hellion x2  
  33  3:23  SCV  
  34  3:31  SCV  
  35  3:35  SCV  
  40  3:41  Hellion x2  
  40  3:43  SCV  
  40  3:47  SCV  
  42  3:51  Orbital Command  
  42  3:54  Banshee  
  42  3:55  SCV  
  46  3:59  SCV, Cloaking Field  
  47  4:05  Hellion  
  47  4:06  Hellion  
  47  4:07  SCV  
  52  4:12  SCV  
  52  4:15  Supply Depot  
  53  4:19  SCV x2  
  53  4:21  Supply Depot  
  53  4:22  Barracks Tech Lab  
  55  4:24  SCV  
  55  4:27  Orbital Command  
  57  4:31  SCV  
  57  4:36  Factory Reactor  
  57  4:37  Banshee  
  60  4:39  SCV, Barracks  
  60  4:41  Refinery  
  60  4:42  Barracks  
  61  4:47  SCV  
  61  4:49  Engineering Bay  
  61  4:50  Engineering Bay  
  61  4:51  SCV  
  63  4:53  SCV  
  63  4:58  Refinery  
  63  4:59  SCV  
  65  5:02  Marine, Stimpack  
  65  5:03  SCV  
  65  5:05  SCV  
  68  5:12  SCV  
  69  5:15  SCV, Supply Depot x2  
  69  5:16  Terran Infantry Weapons Level 1  
  69  5:17  SCV, Terran Infantry Armor Level 1  
  71  5:29  SCV x3  
  71  5:30  Barracks  
  71  5:31  Barracks  
  71  5:33  Starport Reactor  
  71  5:35  Marine x2  
  75  5:38  Siege Tank, Supply Depot  
  75  5:41  SCV  
  75  5:42  SCV  
  81  5:43  SCV  
  81  5:46  Marine x2, Supply Depot x2  
  81  5:48  Marine  
  85  5:53  SCV, Reaper  
  85  5:54  SCV, Marine  
  85  5:55  SCV  
  90  6:04  Marine x2  
  90  6:05  SCV  
  90  6:06  SCV  
  90  6:07  SCV  
  90  6:10  Marine, Supply Depot  
  90  6:11  Medivac x2  
  100  6:12  Marine  
  100  6:13  Supply Depot  
  100  6:14  Siege Tank  
  100  6:17  Armory  
  104  6:24  SCV x3  
  108  6:26  Marine  
  108  6:27  Refinery  
  108  6:28  Refinery, Barracks Reactor x2  
  108  6:36  SCV x2  
  108  6:37  Marine x4  
  114  6:40  SCV  
  114  6:41  Factory  
  114  6:44  Marine  
  114  6:45  Supply Depot x2  
  116  6:48  SCV x2  
  116  6:53  Combat Shield  
  118  6:54  Marine  
  118  6:55  Siege Tank, Marine x3  
  125  7:02  Marine  
  125  7:06  Command Center  
  126  7:12  Marine x2  
  126  7:14  Marine x2  
  126  7:15  Marine x4  
  134  7:16  Medivac x2  
  134  7:19  Terran Infantry Weapons Level 2  
  134  7:20  Marine  
  139  7:25  Supply Depot  
  139  7:30  Terran Infantry Armor Level 2, Marine x2  
  139  7:32  Marine x4  
  139  7:33  Marine x2  
  139  7:37  Factory Tech Lab  
  147  7:38  Marine  
  148  7:48  Marine x2  
  148  7:50  Marine x5  
  148  7:51  Siege Tank, Marine, Medivac  
  130  7:55  Marine  
  130  7:58  Siege Tank  
  127  8:01  Terran Vehicle Weapons Level 1, Supply Depot  
  127  8:02  Supply Depot  
  127  8:06  Marine x2  
  127  8:08  Marine x3, Medivac  
  127  8:11  Marine x2  
  127  8:12  Marine  
  137  8:13  Marine  
  138  8:21  Medivac  
  138  8:23  Marine  
  138  8:24  Marine  
  138  8:25  Marine  
  138  8:26  Marine x2  
  145  8:29  Marine x3  
  145  8:31  Marine  
  145  8:32  Siege Tank x2  
  155  8:41  SCV x2, Marine x2  
  157  8:43  Marine x2  
  157  8:44  Marine  
  157  8:47  Marine x2  
  161  8:49  Marine x2, Planetary Fortress  
  161  8:51  SCV  
  161  8:53  SCV  
  165  8:59  Marine x2, Medivac x2  
  165  9:01  Marine x2  
  172  9:05  Marine  
  172  9:06  Siege Tank, Marine x2  
  172  9:07  Siege Tank  
  181  9:17  Marine  
  181  9:18  Marine x3  
  181  9:19  Marine x2  
  181  9:23  Marine x2  
  178  9:32  Command Center  
  178  9:34  Supply Depot  
  178  9:35  Supply Depot  
  178  9:36  Medivac  
  180  9:39  Siege Tank, Marine  
  180  9:44  Command Center  
  178  9:51  Marine  
Tags
 
Add a new tag
Caveats
  • Supply blocks, unpowered buildings, or Contaminate may cause inaccurate times.
  • Supply counts are checked every 10 seconds.